 Dungeon Crawl Stone Soup version 0.31-a0-102-g33a4ccc0cb (webtiles) character file.

Game seed: 3136667431077121478

318 ketsa the Chopper (level 6, -7/57 HPs)
             Began as a Minotaur Monk on May 26, 2023.
             Mangled by Duvessa
             ... wielding a +0 short sword
              (12 damage)
             ... on level 4 of the Dungeon.
             The game lasted 00:06:50 (2749 turns).

ketsa the Chopper (Minotaur Monk)                   Turns: 2749, Time: 00:06:51

Health: -7/57      AC:  2    Str: 17    XL:     6   Next: 21%
Magic:  5/5        EV: 13    Int:  7    God:
Gold:   192        SH:  0    Dex: 13    Spells: 5/5 levels left

rFire   . . .        a - +1 hand axe
rCold   . . .        d - orb {light}
rNeg    . . .        b - +0 robe
rPois   .            (helmet restricted)
rElec   .            (no cloak)
rCorr   .            (no gloves)
SInv    .            (no boots)
Will    .....        q - amulet of regeneration
Stlth   +            k - ring of flight
HPRegen 1.09/turn    (no ring)
MPRegen 0.09/turn

%: no passive effects
@: mighty, flying, glowing
A: horns 2, retaliatory headbutt
a: no special abilities


You were on level 4 of the Dungeon.
You visited 1 branch of the dungeon, and saw 4 of its levels.

You collected 192 gold pieces.

Inventory:

Hand Weapons
 a - a +1 hand axe (weapon)
Missiles
 j - 34 stones (quivered)
Armour
 b - a +0 robe (worn)
 d - an orb of light (worn)
 l - a +0 scale mail
Jewellery
 k - a ring of flight (left hand)
 q - an amulet of regeneration (around neck)
Wands
 v - a wand of flame (20)
Scrolls
 e - 2 scrolls of teleportation
 f - a scroll of enchant weapon
 g - a scroll of magic mapping {unknown}
 h - a scroll of identify {unknown}
 i - a scroll of fog {unknown}
 m - a scroll of fear {unknown}
 p - a scroll of immolation {unknown}
 u - a scroll of enchant armour {unknown}
Potions
 c - a potion of ambrosia
 n - 2 potions of curing
 o - 2 potions of attraction {unknown}
 r - a potion of lignification {unknown}
 s - a potion of heal wounds {unknown}
 t - 2 potions of magic {unknown}
 w - a potion of degeneration {unknown}
 x - a potion of haste {unknown}


   Skills:
 + Level 5.7 Fighting
 * Level 7.2 Axes
 - Level 3.2 Dodging


You had 5 spell levels left.
You didn't know any spells.
Your spell library contained the following spells:

 Spells                   Type           Power      Damage    Failure   Level
 Blink                    Tloc           0%         N/A       56%         2
 Lesser Beckoning         Tloc           0%         N/A       56%         2
 Momentum Strike          Conj/Tloc      0%         3d8       56%         2


Dungeon Overview and Level Annotations

Branches:
Dungeon (4/15)
 Temple: D:4-7

Altars:
Cheibriados
Elyvilon
Nemelex Xobeh
Vehumet

Annotations:
D:3 2 runed translucent doors, P0068685's ghost, amateur FeTm
D:4 Duvessa


Innate Abilities, Weirdness & Mutations

You have a pair of horns on your head.
You reflexively headbutt those who attack you in melee.


Message History

You kill the gnoll!
You hit the gnoll.
You kill the gnoll!
You hit the gnoll. The gnoll hits you with a +0 flail.
You slash the gnoll!
The gnoll is almost dead.
The gnoll hits you with a +0 flail!
You slash the gnoll!
You kill the gnoll!
You start resting.
HP restored.
You see here a +0 club.
j - 34 stones (gained 5) Duvessa, Sister of Dowan comes into view.
She is wielding a +0 short sword and wearing a +2 ring mail of cold resistance.
Duvessa goes berserk!
You see here a book of Spatial Translocations.
You pick up a book of Spatial Translocations and begin reading...
You add the spells Blink, Momentum Strike and Lesser Beckoning to your library.
Duvessa rages.
You barely miss Duvessa. You headbutt Duvessa.
Duvessa is lightly wounded.
Duvessa hits you with a +0 short sword!
You hit Duvessa.
Duvessa is lightly wounded.
Duvessa misses you. Duvessa hits you with a +0 short sword.
Sorry, you're not good enough to have a special ability.
You feel very mighty all of a sudden. Duvessa closely misses you.
You slash Duvessa!
Duvessa is moderately wounded.
Duvessa hits you with a +0 short sword! x2
You slash Duvessa!
Duvessa is heavily wounded.
Duvessa hits you with a +0 short sword!
* * * LOW HITPOINT WARNING * * *
It was a potion of curing.
You feel better. Duvessa hits you with a +0 short sword!
* * * LOW HITPOINT WARNING * * *
Duvessa hits you with a +0 short sword!
You die...

#... ##...#####
###........ ...
............. ...
............ #####
... ............#
##....
♣♣.♣♣♣.♣..........#
#...## .♣.♣..
♣..........# #..##
.♣.♣.♣♣♣.......e@.#
#..#
.♣.♣.♣.......##...##
#..#
......._.....###...##
#..# .♣.♣.♣.[.....#
##...## #..#
.♣.♣.♣♣♣.#...##
###..### #..# .♣.♣..
♣.#....#
##...#####..#
♣♣.♣♣♣.♣......##
##.........#
........###...##
##........##
...###### ##...##
##........##


You could see Duvessa (berserk).

Vanquished Creatures
  Dowan (D:4)
  Jessica (D:2)
  Natasha (thrice) (D:3)
  Terence (D:2)
  3 gnolls (D:4)
  2 adders (D:2)
  A worm (D:2)
  4 dart slugs
  4 orcs (D:3)
  4 endoplasms
  4 giant cockroaches
  7 hobgoblins
  4 jackals (D:2)
  A quokka (D:1)
  5 ball pythons
  8 bats
  5 frilled lizards
  10 goblins
  10 kobolds
  2 rats (D:1)
80 creatures vanquished.

Notes
Turn   | Place    | Note
-------+----------+-------------------------------------------
     0 | D:1      | ketsa the Minotaur Monk began the quest for the Orb.
     0 | D:1      | Reached XP level 1. HP: 19/19 MP: 0/0
   155 | D:1      | Reached skill level 4 in Axes
   205 | D:1      | Reached XP level 2. HP: 25/27 MP: 1/1
   223 | D:1      | Found a faded altar of an unknown god.
   366 | D:1      | You fall into a shaft and drop 1 floor!
   369 | D:2      | Noticed Jessica
   375 | D:2      | Killed Jessica
   376 | D:2      | Reached XP level 3. HP: 29/33 MP: 2/2
   614 | D:1      | Reached skill level 5 in Axes
  1347 | D:2      | Reached XP level 4. HP: 41/41 MP: 3/3
  1411 | D:2      | Noticed Terence
  1423 | D:2      | Killed Terence
  1956 | D:3      | Reached skill level 6 in Axes
  1962 | D:3      | Found a sparkling altar of Nemelex Xobeh.
  1992 | D:3      | Reached XP level 5. HP: 47/47 MP: 4/4
  1996 | D:3      | Reached skill level 5 in Fighting
  2108 | D:3      | Found a large runed translucent door.
  2108 | D:3      | Found a large runed translucent door.
  2110 | D:3      | Noticed P0068685's ghost (amateur FeTm)
  2237 | D:3      | Noticed Natasha
  2247 | D:3      | Killed Natasha
  2263 | D:3      | Found a radiant altar of Vehumet.
  2286 | D:3      | Noticed Natasha
  2296 | D:3      | Killed Natasha
  2369 | D:3      | Noticed Natasha
  2380 | D:3      | Killed Natasha
  2619 | D:4      | Found a snail-covered altar of Cheibriados.
  2624 | D:4      | Noticed Dowan
  2628 | D:4      | Killed Dowan
  2629 | D:4      | Reached skill level 7 in Axes
  2629 | D:4      | Reached XP level 6. HP: 52/56 MP: 5/5
  2639 | D:4      | Found a white marble altar of Elyvilon.
  2741 | D:4      | Noticed Duvessa
  2749 | D:4      | Mangled by Duvessa

Illustrated notes

Levels and vault maps discovered:
D:1:      kennysheep_arrival_seaside, layout_basic,
          shapermc_ecumenical_altar_mp_ritualfount, corner_web_ring,
          chequers_serial_rivers_room_a
D:2:      layout_basic, uniq_terence, uniq_jessica
D:3:      layout_basic, vehumet_altar_wand_db, nicolae_overflow_crystal_walls,
          ebering_ghost_disaster_area, amcnicky_mini_pool_small, uniq_natasha
D:4:      cheibrodos_helix_gallery, layout_layer_cave, tgw_trog,
          mainiacjoe_overflow_large_starburst, nicolae_qazlal_style_of_elements,
          chequers_temple_overflow_statue_of_worship, nicolae_letterblocks
          [nicolae_letter_subblock, nicolae_letter_subblock,
          nicolae_letter_subblock, nicolae_letter_subblock,
          nicolae_letter_subblock, nicolae_letter_subblock,
          nicolae_letter_subblock, nicolae_letter_subblock,
          nicolae_letter_subblock, nicolae_letter_subblock,
          nicolae_letter_subblock, nicolae_letter_subblock,
          nicolae_letter_subblock, nicolae_letter_subblock,
          nicolae_letter_subblock, nicolae_letter_subblock,
          nicolae_letter_subblock, nicolae_letter_subblock,
          nicolae_letter_subblock, nicolae_letter_subblock,
          nicolae_letter_subblock, nicolae_letter_subblock,
          nicolae_letter_subblock, nicolae_letter_subblock,
          nicolae_letter_subblock], uniq_duvessa, uniq_sigmund, uniq_ijyb

Skill      XL: |  1  2  3  4  5 |
---------------+----------------+-----
Axes           | 4 5 6 7 |  7.2
Fighting       | 4 5 |  5.7
Dodging        | |  3.2

Action                     |  1- 3 |  4- 6 || total
---------------------------+-------+-------++-------
  Melee: Hand axe          |    54 |   108 ||   162
         Headbutt          |     8 |    20 ||    28
    Use: Scroll            |     1 |     1 ||     2
         Potion            |       |     4 ||     4
 Armour: Robe              |     8 |     7 ||    15
  Dodge: Dodged            |    33 |    72 ||   105

Table legend: (Time is in decaauts)
 A = Elapsed time spent in this place.
 B = Non-inter-level travel time spent in this place.
 C = Inter-level travel time spent in this place.
 D = Time resting spent in this place.
 E = Time spent auto-exploring this place.
 F = Levels seen in this place.
 G = Mean time per level.
                   A        B        C        D        E       F      G
               +--------+--------+--------+--------+--------+-----+--------+
         Total |   2780 |   2622 |    158 |    253 |   1667 |   4 |  695.0 |
       Dungeon |   2780 |   2622 |    158 |    253 |   1667 |   4 |  695.0 |
               +--------+--------+--------+--------+--------+-----+--------+

Top non-repeatable levels by time:
     D:1: 1221 daAuts
     D:2: 724 daAuts
     D:3: 666 daAuts
     D:4: 168 daAuts
